 Dungeon Crawl Stone Soup version 0.29.0-15-g675c0067aa (webtiles) character file.

Game seed: 10272990826125340521

8415 qw the Cleaver (level 11, -1/138 HPs)
             Began as a Minotaur Berserker on Sept 12, 2022.
             Was a Priest of Trog.
             Slain by an eight-headed hydra (2 damage)
             ... on level 1 of the Lair of Beasts.
             The game lasted 00:04:12 (11721 turns).

qw the Cleaver (Minotaur Berserker)                Turns: 11721, Time: 00:04:12

Health: -1/138     AC: 20    Str: 26    XL:     11   Next: 9%
Magic:  0/10       EV:  9    Int:  2    God:    Trog [***...]
Gold:   544        SH: 17    Dex: 12    Spells: 10/10 levels left

rFire   . . .      SeeInvis +   m - +0 morningstar
rCold   . . .      Faith    .   q - +0 tower shield
rNeg    . . .      Spirit   +   p - +0 plate armour
rPois   .          Reflect  .   (helmet restricted)
rElec   .          Harm     .   x - +0 cloak
rCorr   .          Rampage  .   h - +1 pair of gloves
Will    .....                   c - +2 pair of boots
Stlth   ..........              f - amulet of guardian spirit
HPRegen 0.33/turn               d - ring of see invisible
MPRegen 0.12/turn               k - +4 ring of evasion

@: berserking, very quick
A: horns 2, retaliatory headbutt, thin skeletal structure 1, dopey 1
a: Renounce Religion, Berserk, Trog's Hand


You were on level 1 of the Lair of Beasts.
You worshipped Trog.
Trog was most pleased with you.
You visited 2 branches of the dungeon, and saw 10 of its levels.

You collected 544 gold pieces.


Innate Abilities, Weirdness & Mutations

You have a pair of horns on your head.
You reflexively headbutt those who attack you in melee.
You have a somewhat thin skeletal structure. (Dex +2, Stealth+)
You are dopey. (Int -2)


   Skills:
 + Level 7.1 Fighting
 - Level 13.0 Axes
 - Level 2.8 Throwing
 - Level 7.1 Armour
 - Level 2.1 Dodging
 - Level 13.0 Shields


You had 10 spell levels left.
You didn't know any spells.
Your spell library was empty.

Inventory:

Hand Weapons
 m - a +0 morningstar (weapon)
 o - a +4 war axe
Missiles
 a - 7 boomerangs (quivered)
Armour
 c - a +2 pair of boots (worn)
 h - a +1 pair of gloves (worn)
 p - a +0 plate armour (worn)
 q - a +0 tower shield (worn)
 x - a +0 cloak (worn)
Jewellery
 d - a ring of see invisible (left hand)
 f - an amulet of guardian spirit (around neck)
 k - a +4 ring of evasion (right hand)
 y - a ring of fire
Scrolls
 b - a scroll of fog {unknown}
 r - 2 scrolls of identify
 s - a scroll of teleportation
Potions
 e - a potion of cancellation
 g - a potion of resistance
 i - 3 potions of mutation
 j - a potion of heal wounds {unknown}
 l - a potion of invisibility {unknown}
 n - a potion of might
 t - a potion of degeneration {unknown}
 u - a potion of attraction {unknown}
 v - a potion of curing

Dungeon Overview and Level Annotations

Branches:
Dungeon (9/15)             Temple (0/1) D:4            Lair (1/5) D:9
    Orc: D:9-12

Altars:
Cheibriados
Gozag
Hepliaklqana
Kikubaaqudgha
Nemelex Xobeh
Wu Jian

Annotations:
D:6 2 transporters, qw's ghost, novice DsCA
D:9 3 runed translucent doors, qw's ghost, novice MiBe


Message History

The eight-headed hydra closely misses you.
The eight-headed hydra bites you but does no damage.
You block the eight-headed hydra's attack.
The eight-headed hydra barely misses you.
The wolf bites you but does no damage. The wolf closely misses you.
You block the wolf's attack.
You miss the wolf. You headbutt the wolf!
You kill the wolf!
Trog accepts your kill. You block the wolf's attack.
The wolf closely misses you. You furiously retaliate!
You headbutt the wolf! You block the wolf's attack.
The eight-headed hydra bites you!
The eight-headed hydra closely misses you.
The eight-headed hydra bites you but does no damage.
The eight-headed hydra closely misses you.
The eight-headed hydra bites you.
The eight-headed hydra bites you but does no damage. x2
The eight-headed hydra bites you! The wolf barely misses you.
You furiously retaliate!
You headbutt the wolf!! The wolf closely misses you. You furiously retaliate!
You headbutt the wolf! The wolf barely misses you. The wolf bites you.
The wolf barely misses you.
You sock the wolf!
You kill the wolf!
Trog accepts your kill. The wolf misses you. You block the wolf's attack.
The wolf bites you but does no damage. The wolf closely misses you.
The eight-headed hydra barely misses you.
The eight-headed hydra bites you but does no damage.
You block the eight-headed hydra's attack.
The eight-headed hydra bites you but does no damage. x2
The eight-headed hydra bites you! x2
You block the eight-headed hydra's attack.
You block the wolf's attack. The wolf closely misses you.
Your Shields skill increases to level 13!
You sock the wolf!
The wolf is almost dead.
You block the wolf's attack. The wolf barely misses you.
The wolf bites you but does no damage.
The blink frog blinks!
The eight-headed hydra bites you.
You die... 7.#####.# #..## #.# #..# ... ##..# .. #...# .. #...# . 7#. ##..# ... 7hh

#..#
....h#D###..#
....hhh@hh..#
....hhhhhh..#
.....hhh....#
..7.........#
. 7.........#
7.###..#.F..#
7# #.+##..##
.. #..#


You could see an eight-headed hydra, a blink frog and 17 wolves.

Vanquished Creatures
  Maurice (D:9)
  Joseph (D:8)
  A troll (D:9)
  A hornet (Lair:1)
  Sigmund (D:6)
  7 yaks
  A wyvern (D:5)
  A basilisk (Lair:1)
  2 steam dragons (D:9)
  Menkaure (D:6)
  5 water moccasins
  5 black bears
  5 orc warriors
  2 ice beasts
  7 wolves (Lair:1)
  2 ogres
  2 centaurs
  3 phantoms
  5 bullfrogs
  A kobold brigand (D:6)
  2 gnoll sergeants (D:9)
  2 necrophages (D:5)
  A scorpion (D:8)
  4 wights (D:8)
  14 killer bees
  2 hounds (D:6)
  5 orc priests
  2 jellies
  6 iguanas
  Natasha (thrice) (D:2)
  7 orc wizards
  A mummy (D:7)
  4 adders
  19 gnolls
  3 white imps
  5 dart slugs
  38 orcs
  4 endoplasms
  5 giant cockroaches
  6 goblins
  7 hobgoblins
  2 quokkas
  6 ball pythons
  5 bats
  3 frilled lizards
  A hobgoblin zombie (D:7)
  9 kobolds
  A kobold zombie (D:7)
  6 rats
227 creatures vanquished.

Vanquished Creatures (collateral kills)
  A basilisk (Lair:1)
  A wolf (Lair:1)
2 creatures vanquished.

Vanquished Creatures (others)
  36 fungi (D:9)
  31 plants (D:9)
67 creatures vanquished.

Grand Total: 296 creatures vanquished

Notes
Turn   | Place    | Note
-------+----------+-------------------------------------------
     0 | D:1      | qw the Minotaur Berserker began the quest for the Orb.
     0 | D:1      | Reached XP level 1. HP: 19/19 MP: 0/0
     0 | D:1      | 0 ||| qw: Version: 0.1-a-119-g272c26d
     0 | D:1      | 0 ||| qw: Game counter: 10927
     0 | D:1      | 0 ||| qw: Always use a shield: true
     0 | D:1      | 0 ||| qw: Do Orc after D:15 true
     0 | D:1      | 0 ||| qw: Do second Lair branch before Depths: true
     0 | D:1      | 0 ||| qw: Lair rune preference: random
     0 | D:1      | 0 ||| qw: Plans: Normal
     0 | D:1      | 0 ||| PLANNING D:1-11
   495 | D:1      | 495 ||| Stepping ~*~*~tactically~*~*~ (stealth).
   499 | D:1      | Reached XP level 2. HP: 26/26 MP: 1/1
   778 | D:1      | Found a faded altar of an unknown god.
   843 | D:1      | 843 ||| UPGRADING to +0 leather armour.
   853 | D:1      | 853 ||| INVOKING Berserk.
  1084 | D:1      | 1084 ||| DROPPING +0 animal skin.
  1286 | D:1      | 1286 ||| UPGRADING to +0 pair of gloves.
  1374 | D:1      | 1374 ||| READING scroll labelled RURRUM FANOLUU.
  1375 | D:1      | 1375 ||| READING scroll labelled QEMIM WEAXT.
  1376 | D:1      | 1376 ||| Stepping randomly (stuck).
  1377 | D:1      | 1377 ||| Stepping ~*~*~tactically~*~*~ (cloud).
  1380 | D:1      | HP: 6/26 [poisoned by you (poison gas)]
  1384 | D:1      | HP: 2/26 [poisoned by you (poison gas)]
  1834 | D:2      | 1834 ||| Stepping ~*~*~tactically~*~*~ (stealth).
  1849 | D:2      | 1849 ||| Stepping ~*~*~tactically~*~*~ (stealth).
  1869 | D:2      | 1869 ||| Stepping ~*~*~tactically~*~*~ (stealth).
  1940 | D:2      | Noticed Natasha
  1943 | D:2      | 1943 ||| INVOKING Berserk.
  1948 | D:2      | Killed Natasha
  1949 | D:2      | Reached XP level 3. HP: 31/31 MP: 2/2
  2024 | D:2      | Noticed Natasha
  2028 | D:2      | 2028 ||| INVOKING Berserk.
  2030 | D:2      | Killed Natasha
  2031 | D:2      | Reached skill level 6 in Axes
  2031 | D:2      | Reached XP level 4. HP: 39/39 MP: 3/3
  2232 | D:2      | 2232 ||| Stepping ~*~*~tactically~*~*~ (stealth).
  2254 | D:2      | Noticed Natasha
  2255 | D:2      | 2255 ||| Stepping ~*~*~tactically~*~*~ (stealth).
  2261 | D:2      | 2261 ||| INVOKING Berserk.
  2264 | D:2      | Killed Natasha
  2555 | D:2      | 2555 ||| Stepping ~*~*~tactically~*~*~ (stealth).
  2793 | D:2      | 2793 ||| UPGRADING to +0 ring mail.
  2803 | D:2      | 2803 ||| DROPPING +0 leather armour.
  2804 | D:2      | 2804 ||| DROPPING amulet of magic regeneration.
  2805 | D:2      | 2805 ||| READING scroll labelled DELOOW KYROSEL.
  2806 | D:2      | 2806 ||| READING scroll labelled KAAQAI MAILL.
  2807 | D:2      | 2807 ||| READING scroll labelled MOCENGEGGA.
  2808 | D:2      | 2808 ||| READING scroll labelled CYNKAST IVAE.
  2809 | D:2      | 2809 ||| DRINKING 2 murky black potions.
  2914 | D:2      | 2914 ||| DRINKING 2 murky cyan potions.
  2914 | D:2      | Gained mutation: You are dopey. (Int -2) [potion of
                  | mutation]
  2914 | D:2      | Gained mutation: You have a somewhat thin skeletal
                  | structure. (Dex +2, Stealth+) [potion of mutation]
  2915 | D:2      | 2915 ||| DROPPING potion of berserk rage.
  3083 | D:3      | 3083 ||| INVOKING Berserk.
  3090 | D:3      | Reached XP level 5. HP: 45/45 MP: 4/4
  3381 | D:3      | Reached ** piety under Trog
  3458 | D:3      | 3458 ||| UPGRADING to +0 chain mail.
  3468 | D:3      | 3468 ||| DROPPING +0 ring mail.
  3469 | D:3      | 3469 ||| UPGRADING to +1 pair of gloves.
  3479 | D:3      | 3479 ||| DROPPING +0 pair of gloves.
  3480 | D:3      | 3480 ||| UPGRADING to ring of see invisible.
  3481 | D:3      | 3481 ||| READING 2 scrolls labelled PIMUWELAON.
  3482 | D:3      | 3482 ||| DRINKING 2 bubbling pink potions.
  3505 | D:3      | 3505 ||| DROPPING scroll of noise.
  3506 | D:3      | 3506 ||| DROPPING potion of lignification.
  3515 | D:4      | Noticed an ice beast
  3517 | D:4      | 3517 ||| STAIRDANCE
  3525 | D:4      | 3525 ||| INVOKING Berserk.
  3535 | D:4      | Killed an ice beast
  3536 | D:4      | 3536 ||| STAIRDANCE
  3720 | D:4      | Found an ornate altar of the Wu Jian Council.
  3770 | D:4      | Reached XP level 6. HP: 52/52 MP: 5/5
  3793 | D:4      | 3793 ||| Stepping ~*~*~tactically~*~*~ (stealth).
  3794 | D:4      | 3794 ||| Stepping ~*~*~tactically~*~*~ (stealth).
  3918 | D:4      | Found a staircase to the Ecumenical Temple.
  4105 | D:4      | Found a hazy altar of Hepliaklqana.
  4197 | D:4      | 4197 ||| Stepping ~*~*~tactically~*~*~ (hiding).
  4490 | D:4      | 4490 ||| INVOKING Berserk.
  4496 | D:4      | Reached skill level 9 in Axes
  4545 | D:4      | 4545 ||| FLEEEEING.
  4546 | D:4      | 4546 ||| FLEEEEING.
  4598 | D:4      | 4598 ||| DROPPING +0 mace.
  4599 | D:4      | 4599 ||| READING scroll labelled OFEOST MAFRUNYZI.
  4746 | D:4      | 4746 ||| DRINKING 2 glowing dark potions.
  4802 | D:5      | Entered Level 5 of the Dungeon
  4812 | D:5      | Reached skill level 3 in Armour
  4812 | D:5      | Reached XP level 7. HP: 51/59 MP: 6/6
  4901 | D:5      | 4901 ||| Stepping ~*~*~tactically~*~*~ (stealth).
  4916 | D:5      | 4916 ||| Stepping ~*~*~tactically~*~*~ (hiding).
  5361 | D:5      | 5361 ||| Stepping ~*~*~tactically~*~*~ (stealth).
  5362 | D:5      | 5362 ||| Stepping ~*~*~tactically~*~*~ (stealth).
  5364 | D:5      | 5364 ||| Stepping ~*~*~tactically~*~*~ (stealth).
  5500 | D:5      | 5500 ||| Stepping ~*~*~tactically~*~*~ (stealth).
  5515 | D:5      | 5515 ||| Stepping ~*~*~tactically~*~*~ (stealth).
  5525 | D:5      | 5525 ||| Stepping ~*~*~tactically~*~*~ (stealth).
  5641 | D:5      | Found a sparkling altar of Nemelex Xobeh.
  5642 | D:5      | 5642 ||| SWAPPING to +0 war axe.
  5654 | D:5      | 5654 ||| DROPPING +1 hand axe.
  5659 | D:5      | 5659 ||| INVOKING Berserk.
  5786 | D:5      | Noticed a wyvern
  5788 | D:5      | Killed a wyvern
  5825 | D:5      | Reached XP level 8. HP: 70/70 MP: 7/7
  5827 | D:5      | 5827 ||| Stepping ~*~*~tactically~*~*~ (hiding).
  5828 | D:5      | 5828 ||| Stepping ~*~*~tactically~*~*~ (hiding).
  5836 | D:5      | 5836 ||| DRINKING 2 potions of curing.
  5836 | D:5      | 5836 ||| (to cure confusion)
  5839 | D:5      | 5839 ||| DRINKING potion of curing.
  5839 | D:5      | 5839 ||| (to cure confusion)
  5842 | D:5      | Reached skill level 6 in Fighting
  5941 | D:5      | Found a snail-covered altar of Cheibriados.
  6061 | D:5      | 6061 ||| UPGRADING to amulet of guardian spirit.
  6066 | D:5      | 6066 ||| UPGRADING to +4 ring of evasion.
  6135 | D:6      | Noticed Sigmund
  6136 | D:6      | 6136 ||| Stepping ~*~*~tactically~*~*~ (hiding).
  6138 | D:6      | 6138 ||| INVOKING Berserk.
  6140 | D:6      | Killed Sigmund
  6652 | D:6      | 6652 ||| Stepping ~*~*~tactically~*~*~ (hiding).
  6653 | D:6      | 6653 ||| Stepping ~*~*~tactically~*~*~ (hiding).
  6822 | D:6      | 6822 ||| INVOKING Berserk.
  6930 | D:6      | Found a transporter.
  6931 | D:6      | Noticed qw's ghost (novice DsCA)
  6933 | D:6      | Identified the +2 dire flail of Youthful Indiscretion
                  | {venom, rC+ Will+}
  6936 | D:6      | Found a transporter.
  7092 | D:6      | 7092 ||| INVOKING Berserk.
  7094 | D:6      | Reached skill level 12 in Axes
  7463 | D:6      | Noticed Menkaure
  7465 | D:6      | 7465 ||| INVOKING Berserk.
  7467 | D:6      | Killed Menkaure
  7613 | D:6      | 7613 ||| UPGRADING to +0 plate armour.
  7623 | D:6      | 7623 ||| DROPPING +0 chain mail.
  7624 | D:6      | 7624 ||| UPGRADING to +0 tower shield.
  7629 | D:6      | 7629 ||| READING scroll labelled QATHRI ITAGGU.
  7630 | D:6      | 7630 ||| READING scroll labelled WEUD SUNNAOMN.
  7631 | D:6      | 7631 ||| DRINKING 2 bubbling red potions.
  7632 | D:6      | 7632 ||| DROPPING potion of magic.
  7694 | D:7      | 7694 ||| PLANNING OSSUARY
  7746 | D:7      | Reached skill level 3 in Shields
  7807 | D:7      | 7807 ||| Stepping ~*~*~tactically~*~*~ (stealth).
  7826 | D:7      | 7826 ||| FLEEEEING.
  7830 | D:7      | 7830 ||| FLEEEEING.
  7831 | D:7      | 7831 ||| FLEEEEING.
  7832 | D:7      | 7832 ||| FLEEEEING.
  7833 | D:7      | 7833 ||| FLEEEEING.
  7834 | D:7      | 7834 ||| FLEEEEING.
  7835 | D:7      | 7835 ||| FLEEEEING.
  7836 | D:7      | 7836 ||| FLEEEEING.
  7837 | D:7      | 7837 ||| FLEEEEING.
  7838 | D:7      | 7838 ||| FLEEEEING.
  7839 | D:7      | 7839 ||| FLEEEEING.
  7840 | D:7      | 7840 ||| FLEEEEING.
  7855 | D:7      | 7855 ||| FLEEEEING.
  7856 | D:7      | 7856 ||| FLEEEEING.
  7857 | D:7      | 7857 ||| FLEEEEING.
  7858 | D:7      | 7858 ||| FLEEEEING.
  7859 | D:7      | 7859 ||| FLEEEEING.
  7863 | D:7      | 7863 ||| STAIRDANCE
  7964 | D:6      | 7964 ||| DRINKING 2 sedimented pink potions.
  7965 | D:6      | 7965 ||| DROPPING potion of brilliance.
  7970 | D:7      | 7970 ||| STAIRDANCE
  8074 | D:7      | 8074 ||| INVOKING Berserk.
  8079 | D:7      | Reached XP level 9. HP: 78/78 MP: 6/8
  8155 | D:7      | 8155 ||| Stepping ~*~*~tactically~*~*~ (hiding).
  8160 | D:7      | 8160 ||| INVOKING Berserk.
  8185 | D:7      | 8185 ||| Stepping ~*~*~tactically~*~*~ (stealth).
  8224 | D:7      | 8224 ||| Stepping ~*~*~tactically~*~*~ (stealth).
  8225 | D:7      | 8225 ||| Stepping ~*~*~tactically~*~*~ (stealth).
  8297 | D:7      | 8297 ||| INVOKING Berserk.
  8304 | D:7      | Reached skill level 6 in Shields
  8308 | D:7      | Reached *** piety under Trog
  8352 | D:7      | 8352 ||| RIP OSSUARY
  8429 | D:7      | 8429 ||| PLANNING D:1-11
  8469 | D:7      | 8469 ||| INVOKING Berserk.
  8521 | D:7      | 8521 ||| Stepping ~*~*~tactically~*~*~ (stealth).
  8527 | D:7      | 8527 ||| Stepping ~*~*~tactically~*~*~ (stealth).
  8528 | D:7      | 8528 ||| Stepping ~*~*~tactically~*~*~ (stealth).
  8532 | D:7      | 8532 ||| INVOKING Berserk.
  9026 | D:7      | 9026 ||| UPGRADING to +2 pair of boots.
  9031 | D:7      | 9031 ||| READING scroll labelled NEICSE VEUXI.
  9032 | D:7      | 9032 ||| READING scroll labelled GOFUCZEYXU.
  9037 | D:7      | 9037 ||| READING 2 scrolls of identify.
  9037 | D:7      | 9037 ||| IDENTIFYING puce potion
  9068 | D:8      | Reached skill level 1 in Throwing
  9111 | D:8      | 9111 ||| SWAPPING to +4 war axe.
  9112 | D:8      | 9112 ||| DROPPING +0 war axe.
  9142 | D:8      | 9142 ||| Stepping ~*~*~tactically~*~*~ (hiding).
  9146 | D:8      | 9146 ||| Stepping ~*~*~tactically~*~*~ (hiding).
  9154 | D:8      | 9154 ||| FLEEEEING.
  9155 | D:8      | 9155 ||| FLEEEEING.
  9156 | D:8      | 9156 ||| FLEEEEING.
  9157 | D:8      | 9157 ||| FLEEEEING.
  9158 | D:8      | 9158 ||| STAIRDANCE
  9284 | D:8      | 9284 ||| Stepping ~*~*~tactically~*~*~ (stealth).
  9286 | D:8      | Paralysed by an orc for 3 turns
  9296 | D:8      | 9296 ||| Stepping ~*~*~tactically~*~*~ (stealth).
  9305 | D:8      | 9305 ||| Stepping ~*~*~tactically~*~*~ (stealth).
  9393 | D:8      | Noticed Joseph
  9394 | D:8      | 9394 ||| Stepping ~*~*~tactically~*~*~ (hiding).
  9396 | D:8      | 9396 ||| Stepping ~*~*~tactically~*~*~ (hiding).
  9407 | D:8      | Killed Joseph
  9408 | D:8      | Reached skill level 9 in Shields
  9494 | D:8      | 9494 ||| Stepping ~*~*~tactically~*~*~ (hiding).
  9497 | D:8      | 9497 ||| INVOKING Berserk.
  9812 | D:8      | 9812 ||| DRINKING 2 clear potions.
  9817 | D:9      | 9817 ||| STAIRDANCE
  9836 | D:9      | 9836 ||| STAIRDANCE
  9841 | D:8      | Reached XP level 10. HP: 84/84 MP: 9/9
  9843 | D:9      | 9843 ||| STAIRDANCE
  9891 | D:9      | 9891 ||| STAIRDANCE
  9898 | D:9      | 9898 ||| STAIRDANCE
  9898 | D:9      | Noticed Maurice
 10033 | D:9      | Reached skill level 12 in Shields
 10035 | D:9      | Reached **** piety under Trog
 10042 | D:9      | Reached skill level 6 in Armour
 10045 | D:9      | 10045 ||| INVOKING Berserk.
 10055 | D:9      | Killed Maurice
 10072 | D:9      | Found a staircase to the Lair.
 10324 | D:9      | 10324 ||| DROPPING +0 flail.
 10330 | D:9      | 10330 ||| Stepping ~*~*~tactically~*~*~ (stealth).
 10333 | D:9      | 10333 ||| Stepping ~*~*~tactically~*~*~ (hiding).
 10338 | D:9      | 10338 ||| INVOKING Berserk.
 10567 | D:9      | 10567 ||| Stepping ~*~*~tactically~*~*~ (hiding).
 10568 | D:9      | 10568 ||| Stepping ~*~*~tactically~*~*~ (hiding).
 10580 | D:9      | 10580 ||| Stepping ~*~*~tactically~*~*~ (stealth).
 10585 | D:9      | 10585 ||| Stepping ~*~*~tactically~*~*~ (stealth).
 10588 | D:9      | 10588 ||| INVOKING Berserk.
 10692 | D:9      | Found an ancient bone altar of Kikubaaqudgha.
 10717 | D:9      | 10717 ||| Stepping ~*~*~tactically~*~*~ (stealth).
 10722 | D:9      | 10722 ||| Stepping ~*~*~tactically~*~*~ (stealth).
 10724 | D:9      | 10724 ||| Stepping ~*~*~tactically~*~*~ (hiding).
 10728 | D:9      | 10728 ||| INVOKING Berserk.
 10810 | D:9      | 10810 ||| Stepping ~*~*~tactically~*~*~ (stealth).
 10811 | D:9      | 10811 ||| Stepping ~*~*~tactically~*~*~ (stealth).
 10813 | D:9      | 10813 ||| Stepping ~*~*~tactically~*~*~ (hiding).
 10816 | D:9      | 10816 ||| Stepping ~*~*~tactically~*~*~ (hiding).
 10823 | D:9      | 10823 ||| Stepping ~*~*~tactically~*~*~ (hiding).
 10895 | D:9      | 10895 ||| INVOKING Berserk.
 11027 | D:9      | Found a runed translucent gate.
 11027 | D:9      | Found a runed translucent gate.
 11027 | D:9      | Found an opulent altar of Gozag.
 11027 | D:9      | Found a runed translucent gate.
 11027 | D:9      | Noticed a cyclops
 11029 | D:9      | Noticed qw's ghost (novice MiBe)
 11045 | D:9      | 11045 ||| INVOKING Berserk.
 11333 | D:9      | 11333 ||| PLANNING LAIR
 11333 | D:9      | 11333 ||| UPGRADING to +0 cloak.
 11338 | D:9      | 11338 ||| READING 3 scrolls of identify.
 11338 | D:9      | 11338 ||| IDENTIFYING black potion
 11339 | D:9      | 11339 ||| READING 2 scrolls of identify.
 11339 | D:9      | 11339 ||| IDENTIFYING smoky cyan potion
 11340 | D:9      | 11340 ||| DROPPING potion of ambrosia.
 11367 | Lair:1   | Entered Level 1 of the Lair of Beasts
 11385 | Lair:1   | 11385 ||| Stepping ~*~*~tactically~*~*~ (hiding).
 11387 | Lair:1   | 11387 ||| Stepping ~*~*~tactically~*~*~ (hiding).
 11540 | Lair:1   | 11540 ||| DROPPING +0 flail.
 11542 | Lair:1   | 11542 ||| Stepping ~*~*~tactically~*~*~ (stealth).
 11708 | Lair:1   | Reached XP level 11. HP: 81/92 MP: 8/10
 11708 | Lair:1   | Noticed an eight-headed hydra
 11709 | Lair:1   | 11709 ||| INVOKING Brothers in Arms.
 11710 | Lair:1   | 11710 ||| INVOKING Brothers in Arms.
 11713 | Lair:1   | 11713 ||| SWAPPING to +0 morningstar.
 11715 | Lair:1   | 11715 ||| INVOKING Berserk.
 11719 | Lair:1   | HP: 32/138 [eight-headed hydra (4)]
 11720 | Lair:1   | HP: 13/138 [eight-headed hydra (6)]
 11720 | Lair:1   | HP: 1/138 [eight-headed hydra (12)]
 11721 | Lair:1   | Slain by an eight-headed hydra

Levels and vault maps discovered:
D:1:      lightli_arrival_isolated_outpost, layout_rooms,
          hellmonk_ecumenical_altar_leap_of_faith, serial_co_window_serial,
          co_window_corner_a, co_window_corner_a, co_window_paths_a,
          co_window_corner_a, co_window_corner_a, co_window_broadway_b,
          co_window_broadway_a, co_window_cross_3, co_window_broadway_b,
          co_window_of_opportunity_b, glass_columns_a, glass_columns_b
D:2:      layout_loops_ring, columned_hall_lemuel, uniq_natasha
D:3:      layout_rooms, moated_statue, kennysheep_generic_room_15
D:4:      layout_basic, mainiacjoe_overflow_brackets, nzn_wu_jian_council_hall,
          minmay_temple_entry_wispy, hangedman_decor_lopped
D:5:      layout_basic, chei_slow_surprise, mainiacjoe_overflow_paths,
          minmay_tree_intersection, grunt_decor_mini_mirrors, skrybe_limestone_x
D:6:      layout_loops_corners, gammafunk_ghost_smash, uniq_menkaure,
          uniq_sigmund
D:7:      layout_loops_ring, nicolae_ossuary_entry_giza
D:8:      layout_basic, uniq_joseph
D:9:      layout_rooms, mainiacjoe_overflow_small_starburst,
          due_lair_maze_entry_diamond, ebering_ghost_gozag,
          chequers_serial_rivers_marsh, item_on_display_a, uniq_maurice
Lair:1:   layout_regular_city, grunt_forest_large_clearings

Skill      XL: |  1  2  3  4  5  6  7  8  9 10 11 |
---------------+----------------------------------+-----
Axes           | 4 5 6 7 9 10 12 13 | 13.0
Fighting       | 4 5 6 7 |  7.1
Armour         | 3 4 7 |  7.1
Shields        | 4 10 12 13 | 13.0
Throwing       | 1 2 |  2.8
Dodging        | |  2.1

Action                   |  1- 3 |  4- 6 |  7- 9 | 10-12 || total
-------------------------+-------+-------+-------+-------++-------
Melee: Hand axe          |    59 |   100 |    56 |       ||   215
       Headbutt          |     5 |    17 |    49 |    12 ||    83
       Punch             |     2 |       |     2 |       ||     4
       War axe           |       |       |   210 |   131 ||   341
       Unarmed           |       |       |       |     5 ||     5
       Morningstar       |       |       |       |     7 ||     7
Throw: Boomerang         |       |       |    26 |    22 ||    48
Invok: Berserk           |     3 |     4 |    11 |     7 ||    25
       Brothers in Arms  |       |       |       |     1 ||     1
  Use: Scroll            |     2 |     6 |     5 |     2 ||    15
       Potion            |       |     4 |     5 |       ||     9
Armor: Animal skin       |     3 |       |       |       ||     3
       Leather armour    |     6 |     4 |       |       ||    10
       Chain mail        |       |    23 |    40 |       ||    63
       Ring mail         |       |     2 |       |       ||     2
       Plate armour      |       |       |    48 |    93 ||   141
       Skin              |       |       |       |    35 ||    35
Dodge: Dodged            |    31 |    41 |    78 |    81 ||   231
Block: Tower shield      |       |       |   103 |   185 ||   288

Table legend:
 A = Non-vault XP
 B = Vault XP
 C = Vault XP percentage of total XP
 D = Non-vault monster count
 E = Vault monster count
 F = Vault count percentage of total count
                 A         B        C        D         E       F
            +---------+---------+-------+---------+---------+-------
      Total |    8098 |    3924 |  32.6 |     200 |      29 |  12.7
            +---------+---------+-------+---------+---------+-------
        D:1 |      22 |       0 |   0.0 |      15 |       0 |   0.0
        D:2 |      97 |      35 |  26.5 |      15 |       1 |   6.2
        D:3 |      83 |       3 |   3.5 |      17 |       2 |  10.5
        D:4 |     395 |       0 |   0.0 |      14 |       0 |   0.0
        D:5 |     865 |       0 |   0.0 |      25 |       0 |   0.0
        D:6 |     586 |     398 |  40.4 |      14 |       2 |  12.5
        D:7 |    1276 |      20 |   1.5 |      32 |       3 |   8.6
        D:8 |    1956 |     900 |  31.5 |      30 |       4 |  11.8
        D:9 |    2146 |    1637 |  43.3 |      35 |       9 |  20.5
     Lair:1 |     672 |     931 |  58.1 |       3 |       8 |  72.7
            +---------+---------+-------+---------+---------+-------
